 Dungeon Crawl Stone Soup version 0.19.5 (webtiles) character file.

120 epen the Insei (level 4, -2/36 HPs)
             Began as a Demigod Transmuter on Aug 4, 2017.
             Slain by a leopard gecko (4 damage)
             ... on level 4 of the Dungeon.
             The game lasted 00:05:44 (3309 turns).

epen the Insei (Demigod Transmuter)                 Turns: 3309, Time: 00:05:45

Health: -2/36      AC:  5    Str: 13    XL:     4   Next: 47%
Magic:  10/10      EV: 13    Int: 19    God:
Gold:   194        SH:  0    Dex: 16    Spells: 2 memorised, 4 levels left

rFire  . . .     SeeInvis .       - Unarmed
rCold  . . .     Gourm    .     b - +0 robe
rNeg   . . .     Faith    .     (no shield)
rPois  .         Spirit   .     i - +0 helmet
rElec  .         Reflect  .     y - +1 cloak
rCorr  .         Harm     .     (no gloves)
MR     .....                    (no boots)
Stlth  +.........               (no amulet)
                                (no ring)
                                (no ring)

@: no status effects
A: high mp 1
a: no special abilities


You were on level 4 of the Dungeon.
You were very hungry.

You visited 1 branch of the dungeon, and saw 4 of its levels.

You collected 194 gold pieces.

Inventory:

Hand Weapons
 r - a +3 dagger of venom
Missiles
 a - 87 arrows
 t - a throwing net (quivered)
Armour
 b - a +0 robe (worn)
 i - a +0 helmet (worn)
 y - a +1 cloak (worn)
Scrolls
 j - 3 scrolls of remove curse
 k - 2 scrolls of recharging
 m - a scroll of fear
Potions
 e - 2 potions of cure mutation
 f - 2 potions of degeneration {unknown}
 g - 3 potions of lignification {unknown}
 h - a potion of cancellation {unknown}
 l - a potion of resistance {unknown}
 q - a potion of flight {unknown}
 w - a potion of curing {unknown}
 A - 2 potions of heal wounds {unknown}
 B - a potion of might {unknown}
 C - a potion of haste {unknown}
Books
 c - a book of Changes

   Spells                             Type                      Level
   a - Beastly Appendage              Transmutation                1
   b - Sticks to Snakes               Transmutation                2
   c - Spider Form                    Transmutation/Poison         3
   d - Ice Form                       Ice/Transmutation            4
   e - Blade Hands                    Transmutation                5
Comestibles
 d - a bread ration
 n - 2 meat rations
 o - a beef jerky
 p - 4 fruits


   Skills:
 + Level 2.0 Fighting
 + Level 2.3 Dodging
 * Level 3.4 Unarmed Combat
 + Level 2.5 Spellcasting
 + Level 2.2 Transmutations


You had 4 spell levels left.
You knew the following spells:

 Your Spells              Type           Power        Failure   Level  Hunger
a - Beastly Appendage     Tmut           ##....       10%         1    #......
b - Spider Form           Tmut/Pois      #.........   34%         3    ###....


Dungeon Overview and Level Annotations

Branches:
Dungeon (4/15)
 Temple: D:4-7

Annotations:
D:3 epen's ghost, amateur NaTm


Innate Abilities, Weirdness & Mutations

You have an increased reservoir of magic. (+10% MP)


Message History

The phantom is severely damaged.
The phantom closely misses you. The leopard gecko barely misses you.
You miss the phantom.
The phantom is severely damaged.
The phantom hits you.
* * * LOW HITPOINT WARNING * * *
The leopard gecko bites you.
* * * LOW HITPOINT WARNING * * *
You closely miss the phantom.
The phantom is severely damaged.
The leopard gecko closely misses you. The phantom hits you.
* * * LOW HITPOINT WARNING * * *
You barely miss the phantom.
The phantom is severely damaged.
You hear the brisk rusting of a very distant drain.
The leopard gecko barely misses you. The phantom hits you.
* * * LOW HITPOINT WARNING * * *
It was a potion of cure mutation.
It has a very clean taste.
The leopard gecko bites you.
You die...

....######.#################
..................
####.######W####### .. #.#
#.# ###.###.# ........#
###.###.#########.
..>......W@l......
.#................
#..############## ##


You could see a phantom and a leopard gecko.

Vanquished Creatures
  8 adders
  A worm (D:3)
  A dart slug (D:3)
  3 leopard geckos
  A giant cockroach (D:2)
  7 goblins
  4 hobgoblins
  2 kobolds
  A ball python (D:3)
  6 bats
  4 frilled lizards
  5 rats
43 creatures vanquished.

Notes
Turn   | Place    | Note
-------+----------+-------------------------------------------
     0 | D:1      | epen the Demigod Transmuter began the quest for the Orb.
     0 | D:1      | Reached XP level 1. HP: 15/15 MP: 5/5
   267 | D:1      | Reached skill level 1 in Fighting
   811 | D:1      | Reached skill level 3 in Unarmed Combat
   811 | D:1      | Reached XP level 2. HP: 23/23 MP: 7/7
  1274 | D:2      | Reached XP level 3. HP: 22/28 MP: 8/8
  1408 | D:2      | Learned a level 3 spell: Spider Form
  2238 | D:2      | Reached XP level 4. HP: 27/36 MP: 10/10
  2437 | D:3      | Noticed epen's ghost (amateur NaTm)
  2486 | D:3      | Found a blossoming altar of Fedhas.
  2639 | D:3      | Found a burning altar of Makhleb.
  2926 | D:3      | Found an iron altar of Okawaru.
  3160 | D:4      | Noticed an ogre
  3217 | D:4      | Noticed a phantom
  3308 | D:4      | HP: 1/36 [phantom (2)]
  3309 | D:4      | Slain by a leopard gecko

Skill      XL: |  1  2  3  4 |
---------------+-------------+-----
Fighting       | 1 2 |  2.0
Unarmed Combat | 3 |  3.4
Spellcasting   | 2 |  2.5
Dodging        | 2 |  2.3
Transmutations | 2 |  2.2

Action                   |  1- 3 |  4- 6 || total
-------------------------+-------+-------++-------
Melee: Unarmed           |    23 |    27 ||    50
       Short sword       |    34 |       ||    34
       Dagger            |    35 |    44 ||    79
       Punch             |     1 |       ||     1
  Use: Scroll            |       |     8 ||     8
       Potion            |       |     1 ||     1
 Stab: Sleeping          |     3 |       ||     3
  Eat: Chunk             |     3 |     3 ||     6
Armor: Robe              |    14 |    10 ||    24
Dodge: Dodged            |    66 |    46 ||   112
